 Dungeon Sprint DCSS version 0.27-a0-198-g1307ea1511 (webtiles) character file.

Game seed: 6681059545676170087

1428 Conn the Arsonist (level 8, -8/47 HPs)
             Began as an Octopode Fire Elementalist on Jan 29, 2021.
             Was a Follower of Sif Muna.
             Shot with an arrow by a centaur warrior (13 damage)
             ... in the Dungeon (Sprint I: "Red Sonja").
             The game lasted 00:11:49 (960 turns).

Conn the Arsonist (Octopode Fire Elementalist)       Turns: 960, Time: 00:11:49

Health: -8/47      AC:  1    Str:  7    XL:     8   Next: 72%
Magic:  6/21       EV: 15    Int: 19    God:    Sif Muna [*.....]
Gold:   658        SH:  0    Dex: 13    Spells: 5/25 levels left

rFire    . . .     SeeInvis .   (no weapon)
rCold    . . .     Faith    .   (no shield)
rNeg     . . .     Spirit   .   (helmet restricted)
rPois    .         Reflect  .   (no amulet)
rElec    .         Harm     .   (no ring)
rCorr    .         Rampage  .   (no ring)
Will     .....     NoTele   +   (no ring)
Stlth    +++.......             (no ring)
HPRegen  0.15/turn              (no ring)
MPRegen  0.17/turn              (no ring)
                                (no ring)
                                (no ring)

@: no status effects
A: almost no armour, stealthy swim, amphibious, 8 rings, constrict 8, camouflage
1, gelatinous body 1
a: Renounce Religion, Channel Magic


You were in the Dungeon.
You worshipped Sif Muna.
Sif Muna was aware of your devotion.
You visited 1 branch You collected 878 gold pieces.
You spent 220 gold pieces at shops.

Inventory:

Wands
 b - a wand of acid (6)
Scrolls
 a - a scroll of identify
 d - a scroll of vulnerability {unknown}
 f - a scroll of fear {unknown}
Potions
 c - 2 potions of curing
 e - a potion of magic


   Skills:
 + Level 0.6 Fighting
 + Level 4.5 Dodging
 - Level 2.6 Stealth
 * Level 9.3 Spellcasting
 * Level 7.5 Conjurations
 * Level 13.5 Fire Magic


You had 5 spell levels left.
You knew the following spells:

 Your Spells              Type           Power        Failure   Level
a - Foxfire               Conj/Fire      100%         1%          1
b - Conjure Flame         Conj/Fire      48%          1%          3
c - Inner Flame           Hex/Fire       34%          1%          3
d - Sticky Flame          Conj/Fire      48%          1%          4
e - Fireball              Conj/Fire      24%          3%          5
f - Petrify               Tmut/Erth      8%           61%         4

Your spell library contained the following spells:

 Spells                   Type           Power        Failure   Level
 Confusing Touch          Hex            8%           24%         3
 Gell's Gravitas          Tloc           4%           24%         3
 Metabolic Englaciation   Hex/Ice        4%           91%         5
 Yara's Violent Unravell  Hex/Tmut       4%           91%         5


Dungeon Overview and Level Annotations

Branches:
Dungeon (1/1)

Altars:
Cheibriados
Dithmenos
Elyvilon
Fedhas
Gozag
Hepliaklqana
Kikubaaqudgha
Makhleb
Nemelex Xobeh
Okawaru
Qazlal
Ru
Sif Muna
Trog
Uskayaw
Vehumet
Wu Jian
Xom
Yredelemnul
Zin
The Shining One
Jiyva
Lugonu

Shops:
D }?[


Innate Abilities, Weirdness & Mutations

You cannot wear most types of armour.
You are very stealthy in the water. (Stealth+)
You are amphibious.
You can wear up to eight rings at the same time.
You can use your tentacles to constrict eight enemies at once.
Your skin changes colour to match your surroundings (Stealth+).
Your rubbery body absorbs attacks. (AC +1, EV +1)


Message History

The fireball engulfs the centaur warrior!
The centaur warrior is severely wounded.
The fireball engulfs the centaur warrior!!
The centaur warrior is severely wounded.
The centaur warrior wields a +0 longbow.
The centaur warrior shoots an arrow.
The arrow hits you!!
Ouch! That really hurt!
Casting: Fireball (dangerous; 3% risk of failure)
Confirm with . or Enter, or press ? or * to list all spells.
Aiming: Fireball (dangerous; 3% risk of failure)
Press: ? - help, Shift-Dir - straight line, f/p - centaur warrior
Aim: a centaur warrior, wielding a +0 longbow and quivering arrows (purple smoke, severely wounded)
The fireball explodes!
The fireball engulfs the centaur warrior!
The centaur warrior is almost dead.
The centaur warrior shoots an arrow.
The arrow hits you!
* * * LOW HITPOINT WARNING * * *
The centaur warrior wields a +0 shortbow.
The centaur warrior shoots an arrow.
The arrow hits you!
You die...

#<.#..'..#..÷..#__#..+
#.))..#..'..#..'..'..#
#..#####'#####'#__####
#).####..#...#.####§§#
#..#__####..##.#§§§§§#
#..#_____##'#_.+§§§c§+
#⌠⌠#_.∩...'..._#§§§cc#
####_..__##_.#'##'####
#_____###'#.#@...###
############.####'###.##
#∩^.......'[..'.....')∩#
###++++####...##########
###.### #.#'#.# #.....#
#..(..# #######


You could see 2 centaur warriors.

Vanquished Creatures
  A deep troll (D)
  A slime creature (D)
  Sigmund (D)
  A yak (D)
  An ogre (D)
  A jelly (D)
  Ijyb (D)
7 creatures vanquished.

Vanquished Creatures (others)
  Sonja (D)
  A gargoyle (D)
  2 ballistomycete spores (D)
  40 foxfires (D)
44 creatures vanquished.

Grand Total: 51 creatures vanquished

Notes
Turn   | Place    | Note
-------+----------+-------------------------------------------
     0 | D        | Conn the Octopode Fire Elementalist began the quest for the
                  | Orb.
     0 | D        | Reached XP level 1. HP: 11/11 MP: 3/3
     1 | D        | Noticed Ijyb
    14 | D        | Killed Ijyb
    15 | D        | Reached skill level 5 in Fire Magic
    15 | D        | Reached XP level 2. HP: 17/17 MP: 0/6
    99 | D        | Noticed an ogre
   116 | D        | Killed an ogre
   117 | D        | Reached skill level 7 in Fire Magic
   117 | D        | Reached XP level 3. HP: 21/21 MP: 2/9
   117 | D        | Reached XP level 4. HP: 27/27 MP: 2/10
   138 | D        | Learned a level 3 spell: Conjure Flame
   138 | D        | Noticed Sigmund
   162 | D        | Killed Sigmund
   163 | D        | Reached skill level 5 in Spellcasting
   163 | D        | Reached skill level 9 in Fire Magic
   163 | D        | Reached XP level 5. HP: 21/31 MP: 9/13
   163 | D        | Reached XP level 6. HP: 25/36 MP: 9/14
   260 | D        | Learned a level 3 spell: Inner Flame
   265 | D        | Learned a level 4 spell: Sticky Flame
   271 | D        | Learned a level 5 spell: Fireball
   281 | D        | Found an ornate altar of the Wu Jian Council.
   281 | D        | Found a shimmering blue altar of Sif Muna.
   283 | D        | Found a radiant altar of Vehumet.
   287 | D        | Became a worshipper of Sif Muna the Loreminder
   325 | D        | Found Muugoti's Magic Scroll Emporium.
   325 | D        | Found an ancient bone altar of Kikubaaqudgha.
   325 | D        | Found a hazy altar of Hepliaklqana.
   325 | D        | Found a stormy altar of Qazlal.
   325 | D        | Found a hide-covered altar of Uskayaw.
   325 | D        | Found a blossoming altar of Fedhas.
   325 | D        | Found a bloodstained altar of Trog.
   325 | D        | Found an iron altar of Okawaru.
   325 | D        | Found a basalt altar of Yredelemnul.
   325 | D        | Found a glowing golden altar of the Shining One.
   325 | D        | Found a snail-covered altar of Cheibriados.
   325 | D        | Found a sacrificial altar of Ru.
   325 | D        | Found a glowing silver altar of Zin.
   325 | D        | Found a shadowy altar of Dithmenos.
   325 | D        | Found a white marble altar of Elyvilon.
   325 | D        | Noticed a yak
   336 | D        | Killed a yak
   337 | D        | Reached skill level 5 in Conjurations
   337 | D        | Reached skill level 11 in Fire Magic
   337 | D        | Reached XP level 7. HP: 41/41 MP: 4/17
   345 | D        | Found an opulent altar of Gozag.
   346 | D        | Found a sparkling altar of Nemelex Xobeh.
   438 | D        | Found a burning altar of Makhleb.
   438 | D        | Found a viscous altar of Jiyva.
   438 | D        | Found a shimmering altar of Xom.
   438 | D        | Found a corrupted altar of Lugonu.
   438 | D        | Noticed a slime creature
   450 | D        | Killed a slime creature
   450 | D        | Reached * piety under Sif Muna
   555 | D        | Noticed Sonja
   569 | D        | Noticed a centaur warrior
   569 | D        | Noticed a centaur warrior
   635 | D        | Found Biumiarr's Gadget Boutique.
   643 | D        | Bought a wand of acid (7) for 220 gold pieces
   683 | D        | Killed a gargoyle
   708 | D        | Killed Sonja
   709 | D        | Reached skill level 12 in Fire Magic
   709 | D        | Reached XP level 8. HP: 42/46 MP: 20/20
   780 | D        | Noticed a deep troll
   795 | D        | Killed a deep troll
   796 | D        | Reached skill level 13 in Fire Magic
   923 | D        | Found Yrod's Armour Emporium.
   947 | D        | Learned a level 4 spell: Petrify
   960 | D        | Shot with an arrow by a centaur warrior

Illustrated notes

Levels and vault maps discovered:
D:        dungeon_sprint_1 [red_sonja_temple_1, red_sonja_temple_small_1]

Skill      XL: |  1  2  3  4  5  6  7  8 |
---------------+-------------------------+-----
Spellcasting   | 3 4 5 6 8 9 |  9.3
Conjurations   | 2 3 4 5 6 7 |  7.5
Fire Magic     | 5 7 9 11 12 13 | 13.5
Dodging        | 3 4 |  4.5
Fighting       | |  0.6
Stealth        | |  2.6

Action                   |  1- 3 |  4- 6 |  7- 9 || total
-------------------------+-------+-------+-------++-------
Melee: Unarmed           |     5 |       |       ||     5
       Constrict         |     1 |       |       ||     1
       Tentacles         |     1 |       |       ||     1
 Cast: Foxfire           |     7 |     9 |     5 ||    21
       Sticky Flame      |       |     3 |       ||     3
       Fireball          |       |       |     9 ||     9
       Conjure Flame     |       |       |     2 ||     2
Evoke: Wand              |       |       |     1 ||     1
  Use: Potion            |     2 |     2 |     2 ||     6
       Scroll            |     1 |     1 |       ||     2
Armor: Skin              |       |       |     1 ||     1
Dodge: Dodged            |     2 |     3 |     4 ||     9

Table legend: (Time is in decaauts)
 A = Elapsed time spent in this place.
 B = Non-inter-level travel time spent in this place.
 C = Inter-level travel time spent in this place.
 D = Time resting spent in this place.
 E = Time spent auto-exploring this place.
 F = Levels seen in this place.
 G = Mean time per level.
                   A        B        C        D        E       F      G
               +--------+--------+--------+--------+--------+-----+--------+
         Total |    968 |    968 |      0 |    483 |      0 |   1 |  968.0 |
       Dungeon |    968 |    968 |      0 |    483 |      0 |   1 |  968.0 |
               +--------+--------+--------+--------+--------+-----+--------+

Top non-repeatable levels by time:
       D: 968 daAuts
